 Dungeon Crawl Stone Soup version 0.24-a0-507-g3e8b242632 (webtiles) character file.

Game seed: 10813727836820677550

8770 Gynju the Destroyer (level 11, -5/94 HPs)
             Began as a White Draconian Conjurer on July 19, 2019.
             Was an Elder of Vehumet.
             Slain by an unseen horror (9 damage)
             ... on level 9 of the Dungeon.
             The game lasted 00:35:26 (14354 turns).

Gynju the Destroyer (White Draconian Conjurer)     Turns: 14354, Time: 00:35:27

Health: -5/94      AC: 10    Str: 10    XL:     11   Next: 14%
Magic:  17/17      EV: 22    Int: 20    God:    Vehumet [****..]
Gold:   451        SH: 11    Dex: 11    Spells: 9/18 levels left

rFire    . . .     SeeInvis .   J - +4 falchion of Grace {flame, rC+ rN+}
rCold    + + .     Gourm    .   E - +2 buckler
rNeg     + . .     Faith    .   (armour unavailable)
rPois    .         Spirit   .   (helmet restricted)
rElec    .         Reflect  +   j - +1 cloak
rCorr    .         Harm     .   (no gloves)
MR       .....                  H - +0 pair of boots
Stlth    ++........             y - +5 amulet of reflection
HPRegen  0.25/turn              f - +3 ring of evasion
MPRegen  0.15/turn              M - +4 ring of evasion

@: no status effects
A: breathe frost, unfitting armour, cold resistance 1, cold-blooded, AC +7
a: Breathe Frost, Renounce Religion


You were on level 9 of the Dungeon.
You worshipped Vehumet.
Vehumet was greatly pleased with you.
You were not hungry.

You visited 2 branches of the dungeon, and saw 11 of its levels.

You collected 451 gold pieces.

Inventory:

Hand Weapons
 a - a +3 dagger of venom
 b - a +0 hunting sling
 n - a cursed -1 falchion
 z - a +0 dagger of electrocution
 J - the +4 falchion of Grace (weapon) {flame, rC+ rN+}
   (You found it on level 9 of the Dungeon)

   It has been specially enchanted to burn those struck by it, causing extra
   injury to most foes and up to half again as much damage against particularly
   susceptible opponents.
   Big, fiery blades are also staple armaments of hydra-hunters.
   It protects you from cold.
   It protects you from negative energy.
Missiles
 g - 396 stones (quivered)
 q - 44 poisoned darts
 r - 184 sling bullets
 C - 6 datura-tipped darts
Armour
 j - a +1 cloak (worn)
 E - a +2 buckler (worn)
 H - a +0 pair of boots (worn)
Jewellery
 f - a +3 ring of evasion (left hand)
 h - an uncursed ring of magical power
 y - a +5 amulet of reflection (around neck)
 F - an uncursed ring of resist corrosion
 L - an uncursed amulet of guardian spirit
 M - a +4 ring of evasion (right hand)
Wands
 A - a wand of flame (23)
 K - a wand of clouds (5)
Scrolls
 m - 2 scrolls of immolation {unknown}
 o - a scroll of blinking
 s - 3 scrolls of teleportation {unknown}
 u - a scroll of fog {unknown}
 B - a scroll of magic mapping
 D - 3 scrolls of remove curse
 I - a scroll of enchant weapon
Potions
 c - a potion of might
 d - 2 potions of degeneration
 e - a potion of ambrosia
 i - 2 potions of lignification
 l - 3 potions of curing
 p - a potion of heal wounds
 t - a potion of invisibility
 v - a potion of brilliance
 w - a potion of resistance
 x - 2 potions of flight {unknown}
Comestibles
 k - 23 rations
 G - 5 chunks of flesh


   Skills:
 + Level 7.9 Fighting
 - Level 6.3(6.8) Short Blades
 + Level 3.6(5.5) Long Blades
 + Level 6.8 Dodging
 - Level 1.7 Stealth
 - Level 4.0 Shields
 - Level 4.0 Spellcasting
 + Level 10.0 Conjurations
 - Level 4.0 Hexes
 + Level 1.4 Air Magic


You had 9 spell levels left.
You knew the following spells:

 Your Spells              Type           Power        Failure   Level  Hunger
a - Magic Dart            Conj           ####         1%          1    None
b - Dazzling Spray        Conj/Hex       ####..       1%          3    ###....
c - Searing Ray           Conj           #####.       1%          2    #......
d - Shock                 Conj/Air       ####         1%          1    None
e - Swiftness             Chrm/Air       #.......     14%         2    #......

Your spell library contained the following spells:

 Spells                   Type           Power        Failure   Level  Hunger
 Olgreb's Toxic Radiance  Pois           #.......     30%         4    ####...
 Flame Tongue             Conj/Fire      ###..        1%          1    None
 Throw Flame              Conj/Fire      ###...       1%          2    #......
 Conjure Flame            Conj/Fire      ###.....     1%          3    ###....
 Static Discharge         Conj/Air       ####....     1%          3    ###....
 Fulminant Prism          Conj/Hex       ####......   1%          4    ####...
 Iskenderun's Mystic Bla  Conj           #####...     1%          4    ####...
 Inner Flame              Hex/Fire       ##......     4%          3    ###....
 Force Lance              Conj/Tloc      ###.....     4%          4    ####...
 Sticky Flame             Conj/Fire      ###.....     4%          4    ####...
 Lightning Bolt           Conj/Air       ####......   10%         5    ######.
 Fireball                 Conj/Fire      ###.......   12%         5    ######.
 Airstrike                Air            #.........   19%         4    ####...


Dungeon Overview and Level Annotations

Branches:
Dungeon (10/15)            Temple (1/1) D:4            Lair (0/6) D:10
    Orc (0/2) D:10

Altars:
Ashenzari
Cheibriados
Dithmenos
Elyvilon
Fedhas
Gozag
Hepliaklqana
Kikubaaqudgha
Makhleb
Nemelex Xobeh
Okawaru
Qazlal
Ru
Sif Muna
Trog
Uskayaw
Vehumet
Wu Jian
Xom
Yredelemnul
Zin
The Shining One

Annotations:
D:5 1 runed translucent door, Mithandil's ghost, novice DECj


Innate Abilities, Weirdness & Mutations

You can breathe waves of freezing cold.
You can buffet flying creatures when you breathe cold.
Your icy white scales are hard. (AC +7)
You cannot fit into any form of body armour.
Your flesh is cold resistant. (rC+)
You are cold-blooded and may be slowed by cold attacks.


Message History

* * * LOW HITPOINT WARNING * * *
You block something's attack. Something hits you.
* * * LOW HITPOINT WARNING * * *
You block something's attack. Something closely misses you.
Something barely misses you. Something hits you but does no damage.
You hit something but do no damage.
Your tail-slap misses something.
Something hits you but does no damage. Something barely misses you.
Something barely misses you. Something hits you but does no damage.
Something closely misses you. Something hits you.
* * * LOW HITPOINT WARNING * * *
You closely miss something. Something barely misses you.
Something misses you. x2
You closely miss something. You tail-slap something. Something hits you.
* * * LOW HITPOINT WARNING * * *
Something hits you.
* * * LOW HITPOINT WARNING * * *
Something hits you!
You die...

.............#.#......#
#...#...
.......###.#.#.###....#
###....# .......##....#.#
#....# #########
......###..###.###....#
#......## ......#
#......#......# #........
......###.######.##...#
#........
......##......##.##...#
#........
######.....##.##.##...#
#........ #........##@######
#........
#.......###....#####.#.#.#..
#..................#.#.#.#..
#..........###.###.#.#.#.#..
###........# #.###.#.....#..
#...)..>.###..............
#...............#.........
#...............#.........
#####...).......#........)


There were no monsters in sight!

Vanquished Creatures
  A hydra (D:8)
  Erica (D:8)
  A two-headed ogre (D:9)
  2 trolls (D:9)
  A hornet (D:10)
  2 dream sheep (D:7)
  3 hippogriffs
  2 yaks (D:7)
  2 hungry ghosts
  Menkaure (D:7)
  3 orc warriors
  An ice beast (D:8)
  3 black bears
  3 sky beasts
  A necrophage (D:6)
  5 ogres
  3 wolves
  6 bullfrogs
  5 big kobolds
  2 scorpions
  4 killer bees (D:9)
  2 electric eels (D:10)
  3 howler monkeys
  A centaur zombie (D:9)
  3 crimson imps
  3 bullfrog zombies
  A centaur skeleton (D:6)
  5 jellies
  6 hounds
  5 orc priests
  A bullfrog skeleton (D:4)
  10 orc wizards
  3 iguanas
  7 worker ants
  2 hound zombies
  2 hound skeletons
  A howler monkey zombie (D:8)
  3 gnolls
  5 adders
  An ooze (D:2)
  An adder zombie (D:7)
  3 dart slugs
  4 leopard geckos
  36 orcs
  4 ball pythons
  6 giant cockroaches
  14 goblins
  8 hobgoblins
  14 jackals
  23 kobolds
  3 quokkas
  13 bats
  5 frilled lizards
  A giant cockroach zombie (D:6)
  A jackal skeleton (D:6)
  A jackal zombie (D:8)
  A leopard gecko skeleton (D:7)
  A leopard gecko zombie (D:2)
  A quokka zombie (D:8)
  12 rats
  A spectral orc (D:3)
269 creatures vanquished.

Vanquished Creatures (others)
  A centaur (D:10)
  A bullfrog (D:10)
2 creatures vanquished.

Grand Total: 271 creatures vanquished

Notes
Turn   | Place    | Note
-------+----------+-------------------------------------------
     0 | D:1      | Gynju the Draconian Conjurer began the quest for the Orb.
     0 | D:1      | Reached XP level 1. HP: 14/14 MP: 3/3
   544 | D:1      | Reached XP level 2. HP: 20/20 MP: 1/5
  1114 | D:2      | Reached XP level 3. HP: 26/26 MP: 1/7
  1520 | D:2      | Found a shadowy altar of Dithmenos.
  1812 | D:2      | Reached XP level 4. HP: 33/33 MP: 6/8
  2244 | D:2      | Reached skill level 5 in Conjurations
  2658 | D:3      | Noticed a black bear
  2663 | D:3      | Learned a level 3 spell: Dazzling Spray
  2667 | D:3      | Killed a black bear
  2667 | D:3      | Reached XP level 5. HP: 35/38 MP: 6/10
  3451 | D:3      | Found a basalt altar of Yredelemnul.
  3568 | D:3      | Learned a level 2 spell: Searing Ray
  3573 | D:3      | Reached skill level 6 in Conjurations
  3592 | D:3      | Reached XP level 6. HP: 14/45 MP: 2/12
  3898 | D:4      | Found a deep blue altar of Sif Muna.
  4266 | D:4      | Found a staircase to the Ecumenical Temple.
  4313 | Temple   | Entered the Ecumenical Temple
  4360 | Temple   | Became a worshipper of Vehumet
  4385 | D:4      | Reached skill level 1 in Short Blades
  5248 | D:5      | Entered Level 5 of the Dungeon
  5248 | D:5      | Found a runed translucent door.
  5249 | D:5      | Noticed Mithandil's ghost (novice DECj)
  5360 | D:5      | Your scales start taking on an icy white colour.
  5360 | D:5      | Reached XP level 7. HP: 42/51 MP: 4/13
  5360 | D:5      | Gained mutation: Your flesh is cold resistant. (rC+) [White
                  | Draconian growth]
  5690 | D:5      | Reached skill level 1 in Fighting
  5690 | D:5      | Reached skill level 7 in Conjurations
  5834 | D:5      | Reached skill level 1 in Hexes
  5968 | D:5      | HP: 3/79 [poisoned by an orc wizard]
  5974 | D:5      | HP: 2/79 [poisoned by an orc wizard]
  5982 | D:5      | HP: 2/79 [poisoned by an orc wizard]
  6472 | D:5      | Reached * piety under Vehumet
  6472 | D:5      | Offered knowledge of Shock by Vehumet.
  6475 | D:5      | Learned a level 1 spell: Shock
  6772 | D:5      | You fall into a shaft and drop 3 floors!
  6772 | D:8      | Found a bloodstained altar of Trog.
  6772 | D:8      | Found a snail-covered altar of Cheibriados.
  6773 | D:8      | Found a shimmering altar of Xom.
  6775 | D:8      | Found a sparkling altar of Nemelex Xobeh.
  6776 | D:8      | Found a burning altar of Makhleb.
  7099 | D:6      | Reached XP level 8. HP: 52/62 MP: 14/14
  8301 | D:6      | Found a burning altar of Makhleb.
  8505 | D:7      | Reached skill level 8 in Conjurations
  8637 | D:7      | Reached XP level 9. HP: 71/71 MP: 15/15
  8750 | D:7      | Noticed Menkaure
  8759 | D:7      | Killed Menkaure
  8843 | D:7      | Offered knowledge of Freeze by Vehumet.
  8957 | D:7      | Reached ** piety under Vehumet
  9626 | D:8      | Reached skill level 1 in Shields
  9996 | D:8      | Reached skill level 5 in Fighting
  9996 | D:8      | Reached skill level 5 in Short Blades
 10166 | D:8      | Noticed Erica
 10190 | D:8      | Killed Erica
 10190 | D:8      | Reached skill level 5 in Dodging
 10504 | D:8      | Found a radiant altar of Vehumet.
 10533 | D:8      | Offered knowledge of Stone Arrow by Vehumet.
 10690 | D:8      | Found a blossoming altar of Fedhas.
 10797 | D:8      | Reached *** piety under Vehumet
 11121 | D:7      | Reached XP level 10. HP: 57/83 MP: 16/16
 11365 | D:7      | Reached skill level 9 in Conjurations
 11534 | D:8      | Noticed a three-headed hydra
 11542 | D:8      | Killed a three-headed hydra
 11547 | D:8      | Offered knowledge of Olgreb's Toxic Radiance by Vehumet.
 11769 | D:9      | Got a fine falchion
 11770 | D:9      | Identified the +4 falchion of Grace {flame, rC+ rN+} (You
                  | found it on level 9 of the Dungeon)
 11933 | D:9      | HP: 4/84 [poisoned by a killer bee]
 11940 | D:9      | Reached skill level 1 in Long Blades
 12962 | D:9      | Noticed a two-headed ogre
 12972 | D:9      | Killed a two-headed ogre
 13394 | D:10     | Entered Level 10 of the Dungeon
 13394 | D:10     | Found a staircase to the Orcish Mines.
 13759 | D:10     | Learned a level 2 spell: Swiftness
 13781 | D:10     | Found a glowing golden altar of the Shining One.
 13789 | D:10     | Reached XP level 11. HP: 92/92 MP: 13/17
 13858 | D:10     | Reached **** piety under Vehumet
 14061 | D:10     | Reached skill level 10 in Conjurations
 14061 | D:10     | Reached skill level 1 in Air Magic
 14166 | D:10     | Found a staircase to the Lair.
 14298 | D:9      | HP: 3/94 [something (2)]
 14310 | D:9      | HP: 3/94 [something (7)]
 14310 | D:9      | HP: 1/94 [something (2)]
 14354 | D:9      | HP: 4/94 [something (4)]
 14354 | D:9      | Slain by an unseen horror

Levels and vault maps discovered:
D:1:      ncdulo_wetmaze, layout_rooms
D:2:      layout_basic, nicolae_dithmenos_shadow_blocks, first_ration,
          serial_corexii_hall, corexii_hall_statues_s, corexii_hall_statues_x,
          minmay_misc_feat_pillars, serial_bayou_ford_a
D:3:      layout_rooms, yredelemnul_forgotten_temple_becter,
          grunt_decor_clamped, minmay_hedge_maze
D:4:      layout_layer_cave, lemuel_crystal_altar, temple_pool_b
D:5:      layout_basic, ebering_ghost_sewer_d
D:6:      layout_rooms, makhleb_blood_cavern_becter
D:7:      layout_loops_cross, uniq_menkaure
D:8:      corexii_shack_village, layout_loops_cross,
          lemuel_coloured_pillars_altar, minitemple, basic_altar,
          hangedman_ranch [blue_anna_fruit_fields], uniq_erica
D:9:      layout_basic
D:10:     layout_loops_cross, erik_lair_island, orc_0_dummy, serial_rivers,
          chequers_serial_rivers_small_a, chequers_serial_rivers_micro_c,
          chequers_serial_rivers_small_a, chequers_serial_rivers_small_b,
          chequers_serial_rivers_small_3, chequers_serial_rivers_small_3,
          basic_altar, minmay_shop_damaged
Temple:   cyrus_circular_temple

Skill      XL: |  1  2  3  4  5  6  7  8  9 10 11 |
---------------+----------------------------------+-----
Spellcasting   | 3 4 |  4.0
Conjurations   | 5 6 7 8 9 10 | 10.0
Short Blades   | 1 3 4 5 6 |  6.3
Dodging        | 2 4 5 6 |  6.8
Fighting       | 2 4 5 7 |  7.9
Hexes          | 2 3 4 |  4.0
Shields        | 3 4 |  4.0
Long Blades    | 3 |  3.6
Air Magic      | 1 |  1.4
Stealth        | |  1.7

Action                   |  1- 3 |  4- 6 |  7- 9 | 10-12 || total
-------------------------+-------+-------+-------+-------++-------
Melee: Unarmed           |    24 |       |       |       ||    24
       Tailslap          |     2 |     6 |     9 |    19 ||    36
       Dagger            |     1 |    41 |   147 |    33 ||   222
       Falchion          |       |       |       |   127 ||   127
 Fire: Hunting sling     |     5 |       |     4 |       ||     9
 Cast: Magic Dart        |    81 |   111 |    49 |    13 ||   254
       Dazzling Spray    |       |     2 |    39 |    39 ||    80
       Searing Ray       |       |     7 |    17 |     2 ||    26
       Shock             |       |       |   242 |   101 ||   343
       Swiftness         |       |       |       |     2 ||     2
 Abil: Breathe Frost     |       |       |     3 |     1 ||     4
  Use: Scroll            |       |       |    16 |     2 ||    18
       Potion            |       |       |     1 |     4 ||     5
 Stab: Invisible         |       |       |    10 |    11 ||    21
       Sleeping          |       |       |       |     2 ||     2
       Distracted        |       |       |       |     1 ||     1
  Eat: Chunk             |     3 |    11 |    22 |    13 ||    49
Armor: Skin              |    29 |    20 |    41 |    80 ||   170
Dodge: Dodged            |    42 |    52 |   119 |   225 ||   438
Block: Other             |       |       |    23 |       ||    23
       Reflection        |       |       |     5 |     1 ||     6
       Buckler           |       |       |    47 |   158 ||   205
       Rpst.: Falchion   |       |       |       |    30 ||    30

Table legend:
 A = Non-vault XP
 B = Vault XP
 C = Vault XP percentage of total XP
 D = Non-vault monster count
 E = Vault monster count
 F = Vault count percentage of total count
                 A         B        C        D         E       F
            +---------+---------+-------+---------+---------+-------
      Total |    8296 |    4233 |  33.8 |     229 |      42 |  15.5
            +---------+---------+-------+---------+---------+-------
        D:1 |      29 |       0 |   0.0 |      18 |       0 |   0.0
        D:2 |     109 |       0 |   0.0 |      35 |       0 |   0.0
        D:3 |     267 |       1 |   0.4 |      21 |       1 |   4.5
        D:4 |     247 |       0 |   0.0 |      12 |       0 |   0.0
        D:5 |     472 |       0 |   0.0 |      18 |       0 |   0.0
        D:6 |     983 |     138 |  12.3 |      27 |       2 |   6.9
        D:7 |     696 |    1101 |  61.3 |      30 |       5 |  14.3
        D:8 |    1092 |    2204 |  66.9 |      33 |      27 |  45.0
        D:9 |    2886 |     517 |  15.2 |      22 |       4 |  15.4
       D:10 |    1479 |     272 |  15.5 |      12 |       3 |  20.0
     Temple |      36 |       0 |   0.0 |       1 |       0 |   0.0
            +---------+---------+-------+---------+---------+-------
